 Dungeon Crawl Stone Soup version 0.32-a0-86-g8db1b9f803 (webtiles) character file.

Game seed: 10156207055009161866

19896 pokeman the Eclecticist (level 12, -2/64 HPs)
             Began as a Deep Elf Hedge Wizard on Feb 5, 2024.
             Was an Elder of Vehumet.
             Killed from afar by a tengu conjurer (38 damage)
             ... with a bolt of lightning
             ... on level 13 of the Dungeon.
             The game lasted 00:35:52 (16291 turns).

pokeman the Eclecticist (Deep Elf Hedge Wizard)    Turns: 16291, Time: 00:35:52

Health: -2/64      AC: 14    Str:  7    XL:     12   Next: 40%
Magic:  35/35      EV: 12    Int: 25    God:    Vehumet [****..]
Gold:   710        SH: 10    Dex: 14    Spells: 30/45 levels left

rFire   . . .        M - -2 demon whip (venom)
rCold   . . .        s - +0 buckler
rNeg    . . .        Q - +0 steam dragon scales
rPois   +            r - +2 helmet
rElec   .            j - +0 cloak
rCorr   .            N - +0 pair of gloves
SInv    .            A - +2 pair of boots
Will    +....        y - amulet of reflection
Stlth   ++           q - ring of poison resistance
HPRegen 0.30/turn    (no ring)
MPRegen 0.24/turn

%: reflection
@: no status effects
A: no striking features
a: Renounce Religion


You were on level 13 of the Dungeon.
You worshipped Vehumet.
Vehumet was greatly pleased with you.
You visited 2 branches of the dungeon, and saw 14 of its levels.

You collected 710 gold pieces.

Inventory:

Hand Weapons
 F - a +0 dagger of electrocution
 M - a -2 demon whip of venom (weapon)
Missiles
 b - a throwing net
 u - 6 curare-tipped darts
Armour
 j - a +0 cloak (worn)
 r - a +2 helmet (worn)
 s - a +0 buckler (worn)
 A - a +2 pair of boots (worn)
 H - a +2 leather armour of fire resistance
 N - a +0 pair of gloves (worn)
 Q - +0 steam dragon scales (worn)
 S - a +2 robe of cold resistance
Magical Staves
 l - a staff of death
Jewellery
 q - a ring of poison resistance (left hand)
 y - an amulet of reflection (around neck)
 K - an amulet of guardian spirit
 R - a ring of ice
Wands
 m - a wand of iceblast (2)
 C - a wand of polymorph (6)
 I - a wand of paralysis (26)
 W - a wand of flame (15)
Scrolls
 c - 2 scrolls of noise {unknown}
 g - 4 scrolls of teleportation {unknown}
 h - 3 scrolls of blinking {unknown}
 i - 13 scrolls of identify {unknown}
 k - 3 scrolls of enchant armour {unknown}
 n - a scroll of poison {unknown}
 o - 8 scrolls of vulnerability {unknown}
 p - 5 scrolls of revelation {unknown}
 w - 5 scrolls of fear {unknown}
 B - 2 scrolls of amnesia {unknown}
 D - 2 scrolls of silence {unknown}
 J - a scroll of fog {unknown}
 L - a scroll of summoning {unknown}
Potions
 a - 2 potions of brilliance {unknown}
 d - 5 potions of magic
 e - 9 potions of curing {unknown}
 f - 2 potions of attraction {unknown}
 t - a potion of resistance {unknown}
 v - 3 potions of heal wounds {unknown}
 x - 3 potions of berserk rage {unknown}
 z - a potion of invisibility {unknown}
 E - a potion of haste {unknown}
 G - a potion of lignification {unknown}
 O - 3 potions of might {unknown}
 P - a potion of enlightenment {unknown}
 T - a potion of degeneration {unknown}
 U - 4 potions of mutation {unknown}
 V - 2 potions of cancellation {unknown}


   Skills:
 + Level 3.4 Fighting
 - Level 4.0 Armour
 - Level 3.0 Dodging
 - Level 3.0 Stealth
 - Level 5.0 Shields
 * Level 17.0 Spellcasting
 + Level 10.1 Conjurations
 - Level 1.1 Summonings
 - Level 5.0 Necromancy
 - Level 1.1 Translocations
 + Level 7.5 Fire Magic
 - Level 1.3 Air Magic
 - Level 5.1 Earth Magic
 - Level 1.0 Alchemy
 - Level 1.0 Evocations


You had 30 spell levels left.
You knew the following spells:

 Your Spells              Type           Power      Damage    Failure   Level
a - Magic Dart            Conj           100%       1d8       1%          1
b - Mephitic Cloud        Conj/Alch/Air  42%        N/A       1%          3
c - Call Imp              Summ           52%        N/A       3%          2
d - Blink                 Tloc           52%        N/A       3%          2
e - Foxfire               Conj/Fire      100%       2x1d9     1%          1
f - Stone Arrow           Conj/Erth      100%       3d13      1%          3
g - Swiftness             Air            27%        N/A       6%          3

Your spell library contained the following spells:

 Spells                   Type           Power      Damage    Failure   Level
 Flame Wave               Conj/Fire      60%        2d14      1%          4
 Necrotise                Necr           100%       1d9       1%          1
 Sandblast                Erth           92%        2d19      1%          1
 Shock                    Conj/Air       100%       1d9       1%          1
 Sting                    Conj/Alch      100%       1d9       1%          1
 Cigotuvi's Dreadful Rot  Necr/Alch/Air  66%        N/A       1%          2
 Mercury Vapours          Alch/Air       54%        N/A       1%          2
 Hailstorm                Conj/Ice       46%        3d10      1%          3
 Passwall                 Erth           46%        N/A       1%          3
 Brom's Barrelling Bould  Conj/Erth      56%        2d7       1%          4
 Iskenderun's Mystic Bla  Conj/Tloc      49%        2d11      1%          4
 Apportation              Tloc           52%        N/A       2%          1
 Summon Small Mammal      Summ           100%       N/A       2%          1
 Arcjolt                  Conj/Air       25%        1d35      2%          5
 Slow                     Hex            84%        N/A       3%          1
 Airstrike                Air            13%        2d(2-18)  5%          4
 Olgreb's Toxic Radiance  Alch           26%        N/A       7%          4
 Summon Ice Beast         Ice/Summ       24%        N/A       9%          3
 Tukima's Dance           Hex            21%        N/A       11%         3
 Vhi's Electric Charge    Tloc/Air       54%        N/A       22%         4
 Plasma Beam              Fire/Air       21%        2x1d33    22%         6
 Dimensional Bullseye     Hex/Tloc       12%        N/A       28%         4
 Sculpt Simulacrum        Ice/Alch       11%        N/A       99%         6


Dungeon Overview and Level Annotations

Branches:
Dungeon (13/15)            Temple (1/1) D:6            Lair (0/5) D:9
    Orc (0/2) D:9
 Vaults: D:13-14

Altars:
Ashenzari
Cheibriados
Dithmenos
Elyvilon
Fedhas
Gozag
Hepliaklqana
Kikubaaqudgha
Makhleb
Nemelex Xobeh
Okawaru
Ru
Sif Muna
Uskayaw
Vehumet
Wu Jian
Yredelemnul
Zin
The Shining One

Annotations:
D:3 3 runed translucent doors, hgbash's ghost, amateur DsNe
D:6 2 transporters, EnigmaSakura's ghost, novice TrFi


Message History

Casting: Mephitic Cloud (safe; 1% risk of failure)
Confirm with . or Enter, or press ? or * to list all spells.
Aiming: Stone Arrow (safe; 1% risk of failure)
Press: ? - help, Shift-Dir - straight line, f/p - boulder beetle
Aim: a boulder beetle (noxious fumes, severely wounded, extremely poisoned, 100% to hit)
The stone arrow hits the boulder beetle!
The boulder beetle is almost dead.
The boulder beetle is engulfed in noxious fumes.
The boulder beetle barely misses you.
Casting: Stone Arrow (safe; 1% risk of failure)
Confirm with . or Enter, or press ? or * to list all spells.
Aiming: Stone Arrow (safe; 1% risk of failure)
Press: ? - help, Shift-Dir - straight line, f/p - boulder beetle
Aim: a boulder beetle (noxious fumes, almost dead, extremely poisoned, 100% to hit)
The stone arrow hits the boulder beetle but does no damage.
The boulder beetle is almost dead.
The boulder beetle is engulfed in noxious fumes.
The boulder beetle appears confused.
Casting: Stone Arrow (safe; 1% risk of failure)
Confirm with . or Enter, or press ? or * to list all spells.
Aiming: Stone Arrow (safe; 1% risk of failure)
Press: ? - help, Shift-Dir - straight line, f/p - boulder beetle
Aim: a boulder beetle (almost dead, confused, very poisoned, 100% to hit)
The stone arrow hits the boulder beetle.
You kill the boulder beetle!
Vehumet accepts your kill.
Your Spellcasting skill increases to level 17!
HP restored.
I - a wand of paralysis (26) (gained 5 charges)
A tengu conjurer comes into view.
Found a stone staircase leading down.
The tengu conjurer shouts!
The tengu conjurer casts a spell at you.
The bolt of lightning hits you!!
A tengu warrior comes into view. It is wielding a +0 war axe.
The tengu warrior shouts!
You hear a shout! x2
The tengu conjurer gestures at you while chanting.
The bolt of lightning hits you!!!
Ouch! That really hurt!
You die...

............##
.........##..######## .
.........#...........
..
...........#########.
...................####
....#.................
#. ####..........####
####..##...^........# #
..Q....@..##........# #
.>Q.....####........# .
.......## #......... ##
....... ...<.....
....... ####...@.
....... ..##... .......
###.###


You could see a tengu warrior and a tengu conjurer.

Vanquished Creatures
  Frances (D:13)
  Josephine (D:11)
  Fannar (D:10)
  Erolcha (D:9)
  Erica (D:8)
  A boulder beetle (D:13)
  A centaur warrior (D:11)
  Amaemon (D:8)
  A deep elf pyromancer (D:12)
  2 ugly things (D:11)
  A cyclops (D:12)
  Maurice (D:7)
  Joseph (D:9)
  An unseen horror (D:13)
  Maggie (D:9)
  A gargoyle (D:11)
  An orange demon (D:8)
  A komodo dragon (D:10)
  7 trolls
  Grinder (D:5)
  A hornet (D:9)
  A shadow (D:12)
  16 yaks
  A vampire (D:11)
  7 wraiths
  Grum (D:10)
  A warg (D:9)
  6 vampire mosquitoes
  An acid dragon (D:13)
  Duvessa (D:5)
  4 orc warriors
  4 wolves (D:10)
  An ogre (D:7)
  4 centaurs
  A phantom (D:5)
  Blork the orc (D:5)
  3 kobold brigands
  A gnoll sergeant (D:10)
  6 bullfrogs
  4 scorpions
  5 wights (D:9)
  Dowan (D:5)
  6 killer bees (D:9)
  2 howler monkeys
  An electric eel (D:8)
  7 orc priests
  5 hounds
  A jelly (D:6)
  A sleepcap (D:6)
  An iguana (D:5)
  Ijyb (D:5)
  18 orc wizards
  23 gnolls
  7 adders
  2 white imps
  3 ufetubi
  2 dart slugs
  A ribbon worm (D:3)
  73 orcs
  5 ball pythons
  6 endoplasms
  9 goblins
  4 hobgoblins
  18 jackals
  3 quokkas
  15 bats
  2 frilled lizards
  10 kobolds
  3 rats
327 creatures vanquished.

Vanquished Creatures (collateral kills)
  An ufetubus (D:5)
1 creature vanquished.

Vanquished Creatures (others)
  An orc (D:8)
  279 foxfires
280 creatures vanquished.

Grand Total: 608 creatures vanquished

Notes
Turn   | Place    | Note
-------+----------+-------------------------------------------
     0 | D:1      | pokeman the Deep Elf Hedge Wizard began the quest for the
                  | Orb.
     0 | D:1      | Reached XP level 1. HP: 10/10 MP: 7/7
   351 | D:1      | Reached XP level 2. HP: 15/15 MP: 6/9
  1181 | D:2      | Reached skill level 5 in Spellcasting
  1324 | D:2      | Reached XP level 3. HP: 18/20 MP: 5/11
  1328 | D:2      | Learned a level 3 spell: Mephitic Cloud
  1331 | D:2      | Learned a level 2 spell: Call Imp
  1334 | D:2      | Learned a level 2 spell: Blink
  1624 | D:2      | Reached skill level 1 in Armour
  1665 | D:2      | Reached skill level 1 in Fighting
  1713 | D:2      | Found a faded altar of an unknown god.
  1757 | D:2      | You fall into a shaft and drop 1 floor!
  1859 | D:3      | Reached XP level 4. HP: 25/25 MP: 6/13
  2753 | D:3      | Found a runed translucent gate.
  2754 | D:3      | Found a runed translucent gate.
  2755 | D:3      | Found a runed translucent gate.
  2755 | D:3      | Noticed hgbash's ghost (amateur DsNe)
  2788 | D:3      | Identified the scarf of Fortitude {shadows, rElec rF+ MP-9}
  2941 | D:3      | Reached skill level 6 in Spellcasting
  3070 | D:3      | Found an ornate altar of the Wu Jian Council.
  3070 | D:3      | Found an iron altar of Okawaru.
  3205 | D:3      | Reached XP level 5. HP: 29/29 MP: 12/15
  3308 | D:3      | Identified the +7 short sword of Ler Cado {freeze, rCorr
                  | Dex+2}
  3308 | D:3      | Identified the +1 ring mail of Valour {SInv}
  3353 | D:3      | Identified the +0 leather armour "Etiami" {rCorr}
  3925 | D:4      | Reached skill level 1 in Alchemy
  3925 | D:4      | Reached skill level 1 in Evocations
  3972 | D:4      | Reached skill level 1 in Necromancy
  4115 | D:4      | Reached skill level 1 in Air Magic
  4116 | D:4      | Reached XP level 6. HP: 23/34 MP: 13/17
  4333 | D:4      | Reached skill level 7 in Spellcasting
  4591 | D:4      | Reached XP level 7. HP: 26/39 MP: 12/19
  5051 | D:4      | Reached skill level 8 in Spellcasting
  5340 | D:4      | Found a white marble altar of Elyvilon.
  5340 | D:4      | Found a sparkling altar of Nemelex Xobeh.
  5511 | D:5      | Entered Level 5 of the Dungeon
  5546 | D:5      | Noticed Blork the orc
  5559 | D:5      | Killed Blork the orc
  5571 | D:5      | Noticed Ijyb
  5588 | D:5      | Killed Ijyb
  5758 | D:5      | Noticed Grinder
  5829 | D:5      | Noticed Duvessa
  5836 | D:5      | Noticed Dowan
  5852 | D:5      | Killed Duvessa
  5864 | D:5      | Killed Dowan
  5865 | D:5      | Reached XP level 8. HP: 29/44 MP: 19/22
  6105 | D:5      | Reached skill level 9 in Spellcasting
  6571 | D:5      | Reached skill level 5 in Conjurations
  6963 | D:5      | Learned a level 3 spell: Stone Arrow
  7350 | D:5      | Killed Grinder
  7351 | D:5      | Reached skill level 10 in Spellcasting
  7351 | D:5      | Reached skill level 1 in Earth Magic
  7521 | D:6      | Found a staircase to the Ecumenical Temple.
  7542 | Temple   | Entered the Ecumenical Temple
  7547 | Temple   | Became a worshipper of Vehumet
  7596 | D:6      | Found a transporter.
  7599 | D:6      | Noticed EnigmaSakura's ghost (novice TrFi)
  7757 | D:6      | Found a transporter.
  8404 | D:6      | Reached skill level 5 in Necromancy
  8550 | D:7      | Noticed Maurice
  8623 | D:7      | Reached XP level 9. HP: 48/48 MP: 17/25
  9085 | D:7      | Killed Maurice
  9096 | D:7      | Reached skill level 11 in Spellcasting
  9245 | D:8      | Noticed Erica
  9255 | D:8      | Killed Erica
  9544 | D:8      | Reached * piety under Vehumet
  9544 | D:8      | Offered knowledge of Foxfire by Vehumet.
  9547 | D:8      | Learned a level 1 spell: Foxfire
  9929 | D:8      | Noticed Amaemon
  9929 | D:8      | Noticed an orange demon
  9941 | D:8      | Killed an orange demon
  9942 | D:8      | Reached skill level 1 in Shields
  9942 | D:8      | Reached skill level 12 in Spellcasting
  9942 | D:8      | Reached skill level 1 in Fire Magic
  9945 | D:8      | Killed Amaemon
  9946 | D:8      | Reached XP level 10. HP: 56/56 MP: 4/28
 10452 | D:8      | Identified the +7 dagger of Dozas {antimagic, rElec}
 10702 | D:9      | Found a staircase to the Orcish Mines.
 10714 | D:9      | Reached ** piety under Vehumet
 10722 | D:9      | Offered knowledge of Freeze by Vehumet.
 10827 | D:9      | Noticed Joseph
 10846 | D:9      | Killed Joseph
 10847 | D:9      | Reached skill level 13 in Spellcasting
 10847 | D:9      | Reached skill level 5 in Earth Magic
 11058 | D:9      | Learned a level 3 spell: Swiftness
 11192 | D:9      | Noticed Maggie
 11219 | D:9      | Killed Maggie
 11468 | D:9      | Noticed Erolcha
 11479 | D:9      | Killed Erolcha
 11647 | D:9      | Found a staircase to the Lair.
 11660 | D:9      | Reached skill level 14 in Spellcasting
 11661 | D:9      | Offered knowledge of Frozen Ramparts by Vehumet.
 11879 | D:9      | Reached XP level 11. HP: 60/60 MP: 23/31
 12022 | D:10     | Entered Level 10 of the Dungeon
 12045 | D:10     | Reached *** piety under Vehumet
 12103 | D:10     | Noticed Fannar
 12129 | D:10     | Killed Fannar
 12756 | D:10     | Noticed Grum
 12762 | D:10     | Reached skill level 5 in Fire Magic
 12772 | D:10     | Killed Grum
 12883 | D:10     | Offered knowledge of Inner Flame by Vehumet.
 13131 | D:11     | Noticed a centaur warrior
 13133 | D:11     | Noticed a green ugly thing
 13142 | D:11     | Killed a green ugly thing
 13146 | D:11     | Killed a centaur warrior
 13147 | D:11     | Reached skill level 15 in Spellcasting
 13319 | D:11     | Found a broken altar of Ashenzari.
 13808 | D:11     | Noticed Josephine
 13851 | D:11     | Killed Josephine
 13857 | D:11     | Reached **** piety under Vehumet
 13983 | D:11     | Offered knowledge of Flame Wave by Vehumet.
 14098 | D:11     | Reached skill level 5 in Shields
 14331 | D:11     | Reached skill level 16 in Spellcasting
 14474 | D:11     | Noticed a cyan ugly thing
 14480 | D:11     | Killed a cyan ugly thing
 14870 | D:12     | Reached XP level 12. HP: 64/64 MP: 17/34
 15900 | D:13     | Noticed Frances
 15996 | D:13     | Killed Frances
 15997 | D:13     | Reached skill level 10 in Conjurations
 16131 | D:13     | Noticed a boulder beetle
 16143 | D:13     | Killed a boulder beetle
 16144 | D:13     | Reached skill level 17 in Spellcasting
 16290 | D:13     | Noticed a tengu warrior
 16291 | D:13     | Killed from afar by a tengu conjurer

Illustrated notes

Levels and vault maps discovered:
D:1:      lightli_arrival_statue_moat, layout_rooms
D:2:      layout_basic, serial_corexii_hall, chequers_hall_statues_y,
          corexii_hall_statues_i, chequers_hall_statues_wall_a,
          corexii_hall_statues_u, hellmonk_ecumenical_altar_zigzags,
          dk_vineyard_2
D:3:      layout_loops_cross, nicolae_overflow_hidden_temple,
          biasface_ghost_orc_armoury, bh_walls_and_bars
D:4:      lemuel_castle_with_subvaults [lemuel_castle_interior_carwin_1],
          layout_gridville, gammafunk_temple_overflow_wave, grunt_ministairs_9,
          minmay_strange_pillars
D:5:      layout_basic, roderic_batcave, minmay_misc_feat_x,
          minmay_starry_boxes, uniq_grinder, uniq_duvessa, uniq_ijyb,
          uniq_blork_the_orc
D:6:      layout_loops_corners, minmay_temple_entry_proselytizer,
          gammafunk_ghost_stat_death
D:7:      layout_rooms, uniq_maurice
D:8:      nicolae_cairo_tiling_large, layout_basic, uniq_amaemon, uniq_erica
D:9:      layout_roguey, dpeg_oklobed_lair, david_orc_3, minmay_crystal_water,
          uniq_erolcha, uniq_maggie, uniq_joseph
D:10:     layout_irregular_city, uniq_fannar, uniq_grum
D:11:     minmay_skewed_foursquare, layout_basic, nicolae_ashenzari_skybound,
          uniq_josephine
D:12:     layout_rooms
D:13:     layout_rooms, serial_library_hellmonk_room_b, minivault_27,
          uniq_frances
Temple:   minmay_freezing_vapour_temple

Skill      XL: |  1  2  3  4  5  6  7  8  9 10 11 12 |
---------------+-------------------------------------+-----
Spellcasting   | 5 6 7 8 10 12 14 16 17 | 17.0
Armour         | 1 3 4 |  4.0
Fighting       | 1 2 3 |  3.4
Conjurations   | 2 3 4 5 6 8 9 10 | 10.1
Stealth        | 3 |  3.0
Dodging        | 3 |  3.0
Alchemy        | 1 |  1.0
Evocations     | 1 |  1.0
Necromancy     | 1 2 3 5 |  5.0
Air Magic      | 1 |  1.3
Earth Magic    | 2 4 5 |  5.1
Shields        | 1 3 5 |  5.0
Fire Magic     | 1 4 6 7 |  7.5
Summonings     | |  1.1
Translocations | |  1.1

Action                     |  1- 3 |  4- 6 |  7- 9 | 10-12 || total
---------------------------+-------+-------+-------+-------++-------
  Melee: Dagger            |    21 |       |       |       ||    21
         Trident           |     6 |    95 |     7 |       ||   108
         Punch             |       |     2 |    10 |    11 ||    23
         Short sword       |       |       |    91 |       ||    91
         Demon whip        |       |       |       |   105 ||   105
   Cast: Magic Dart        |    92 |   106 |   132 |     5 ||   335
         Mephitic Cloud    |     1 |    14 |    18 |    35 ||    68
         Blink             |       |     1 |       |       ||     1
         Stone Arrow       |       |       |    45 |   145 ||   190
         Foxfire           |       |       |    22 |   128 ||   150
         Call Imp          |       |       |       |     1 ||     1
         Swiftness         |       |       |       |     1 ||     1
   Stab: Confused          |     2 |     8 |     5 |    20 ||    35
         Sleeping          |       |     1 |       |       ||     1
 Armour: Robe              |    32 |     5 |       |       ||    37
         Leather armour    |       |    58 |    69 |    49 ||   176
         Steam dragon scal |       |       |       |    41 ||    41
  Dodge: Dodged            |    57 |    60 |    62 |    59 ||   238
  Block: Other             |       |       |     3 |    29 ||    32
         Reflection        |       |       |     1 |     6 ||     7
         Buckler           |       |       |       |    14 ||    14

Table legend: (Time is in decaauts)
 A = Elapsed time spent in this place.
 B = Non-inter-level travel time spent in this place.
 C = Inter-level travel time spent in this place.
 D = Time resting spent in this place.
 E = Time spent auto-exploring this place.
 F = Levels seen in this place.
 G = Mean time per level.
                   A        B        C        D        E       F      G
               +--------+--------+--------+--------+--------+-----+--------+
         Total |  16336 |  15782 |    554 |    559 |  12749 |  14 | 1166.9 |
       Dungeon |  16316 |  15762 |    554 |    559 |  12749 |  13 | 1255.1 |
        Temple |     20 |     20 |      0 |      0 |      0 |   1 |   20.0 |
               +--------+--------+--------+--------+--------+-----+--------+

Top non-repeatable levels by time:
     D:4: 2091 daAuts
     D:5: 1924 daAuts
    D:11: 1919 daAuts
     D:8: 1422 daAuts
     D:9: 1379 daAuts
     D:2: 1347 daAuts
     D:6: 1157 daAuts
     D:3: 1136 daAuts
    D:10: 997 daAuts
     D:1: 969 daAuts
    D:12: 832 daAuts
     D:7: 611 daAuts
    D:13: 526 daAuts
  Temple: 20 daAuts
